 Dungeon Crawl Stone Soup version 0.28.0-53-g5a82cb258f (webtiles) character file.

Game seed: 3293014268513868628

190591 cbfl8 the Executioner (level 17, 0/168 HPs)
             Began as a Minotaur Berserker on Sept 1, 2022.
             Was the Champion of Trog.
             Succumbed to poison (poison gas)
             ... on level 4 of the Swamp on Sept 2, 2022.
             The game lasted 01:32:22 (41510 turns).

cbfl8 the Executioner (Minotaur Berserker)         Turns: 41510, Time: 01:32:24

Health: 0/168      AC: 19    Str: 32    XL:     17   Next: 98%
Magic:  16/16      EV: 17    Int: 12    God:    Trog [******]
Gold:   3654       SH: 19    Dex: 21    Spells: 16/16 levels left

rFire   + . .      SeeInvis .   s - +6 broad axe (flame)
rCold   . . .      Faith    .   b - +2 kite shield of Ovysm {+Blink rF+ Dex+4}
rNeg    + + .      Spirit   .   J - +0 chain mail "Uqihea" {rElec Regen+ rCorr Str+2}
rPois   .          Reflect  +   Y - +0 hat of the Spheres {Dex+3}
rElec   +          Harm     .   m - scarf {repulsion}
rCorr   +          Rampage  +   x - +2 pair of gloves
Will    ++...                   E - +2 pair of boots {rampage}
Stlth   ..........              A - amulet of reflection
HPRegen 1.18/turn               G - ring of Equilibrium {+Blink rN+ Will+ Int+8 Dex-4}
MPRegen 0.15/turn               K - ring of the Unkillable {rN+ Str+8}

@: lethally poisoned (0 -> -39), repel missiles
A: horns 2, retaliatory headbutt
a: Renounce Religion, Evoke Blink, Berserk, Trog's Hand, Brothers in Arms


You were on level 4 of the Swamp.
You worshipped Trog.
Trog was exalted by your worship.
You visited 5 branches of the dungeon, and saw 30 of its levels.
You visited the Abyss 1 time.
You also visited: Sewer, Bailey, Gauntlet and Ice Cave.

You collected 3828 gold pieces.
You spent 174 gold pieces at shops.

Inventory:

Hand Weapons
 s - a +6 broad axe of flaming (weapon)
 v - a +3 executioner's axe of venom
 H - the +8 war axe "Masitaj" {antimagic, rF+ Str+5}
   (Trog gifted it to you in an ice cave)

   It reduces the magical energy of the wielder, and disrupts the spells and
   magical abilities of those it strikes.
   Natural abilities and divine invocations are not affected.
   Str:       It affects your strength (+5).
   rF:        It protects you from fire.
Armour
 b - the +2 kite shield of Ovysm (worn) {+Blink rF+ Dex+4}
   (You acquired it in a bailey)

   Dex:       It affects your dexterity (+4).
   rF:        It protects you from fire.
   +Blink:    It lets you blink.
 m - a scarf of repulsion (worn)
 x - a +2 pair of gloves (worn)
 E - a +2 pair of boots of rampaging (worn)
 J - the +0 chain mail "Uqihea" (worn) {rElec Regen+ rCorr Str+2}
   (You found it in a Gauntlet)

   Str:       It affects your strength (+2).
   rElec:     It insulates you from electricity.
   Regen:     It increases your rate of health regeneration.
   rCorr:     It protects you from acid and corrosion.
 Y - the +0 hat of the Spheres (worn) {Dex+3}
   (You found it on level 6 of the Lair of Beasts)

   Dex:       It affects your dexterity (+3).
Jewellery
 A - an amulet of reflection (around neck)
 B - a +6 ring of dexterity
 G - the ring of Equilibrium (left hand) {+Blink rN+ Will+ Int+8 Dex-4}
   (You found it on level 3 of the Swamp)

   [ring of willpower]

   Int:       It affects your intelligence (+8).
   Dex:       It affects your dexterity (-4).
   rN:        It protects you from negative energy.
   +Blink:    It lets you blink.
   Will:      It increases your willpower.
 I - a ring of willpower
 K - the ring of the Unkillable (right hand) {rN+ Str+8}
   (You took it off a minotaur in a Gauntlet)

   [ring of positive energy]

   Str:       It affects your strength (+8).
   rN:        It protects you from negative energy.
 Q - an amulet of faith
Wands
 c - a wand of polymorph (23)
 j - a wand of mindburst (16)
 F - a wand of charming (12)
 O - a wand of flame (17)
 S - a wand of digging (4)
 Z - a wand of iceblast (1)
Scrolls
 a - 2 scrolls of noise
 d - 7 scrolls of enchant weapon
 e - 3 scrolls of holy word
 h - 8 scrolls of immolation
 k - a scroll of magic mapping
 r - 4 scrolls of fog
 y - 3 scrolls of teleportation
 z - a scroll of blinking
 C - 5 scrolls of fear
 D - 4 scrolls of enchant armour
Potions
 f - 5 potions of mutation
 g - 8 potions of curing
 i - 8 potions of attraction
 l - 6 potions of flight
 n - 6 potions of haste
 o - 9 potions of might
 p - 3 potions of heal wounds
 q - 4 potions of ambrosia {unknown}
 t - 5 potions of lignification
 u - a potion of cancellation {unknown}
 w - a potion of berserk rage
 P - a potion of resistance {unknown}
 R - 2 potions of invisibility {unknown}
 T - a potion of magic {unknown}
Miscellaneous
 M - a box of beasts
 N - a lightning rod (4/4)
 U - a condenser vane
 V - a box of beasts
 X - a piece from Xom's chessboard (15/15)


   Skills:
 * Level 19.2 Fighting
 - Level 24.0 Axes
 + Level 12.5 Armour
 * Level 13.3 Dodging
 * Level 4.4 Stealth
 + Level 7.3 Shields
 * Level 11.0 Evocations


You had 16 spell levels left.
You didn't know any spells.
Your spell library was empty.

Dungeon Overview and Level Annotations

Branches:
Dungeon (15/15)            Temple (0/1) D:4            Lair (6/6) D:9
  Swamp (4/4) Lair:2       Spider (3/4) Lair:4        Slime (0/5) Lair:6
    Orc (2/2) D:10            Elf (0/3) Orc:2        Vaults (0/5) D:13
 Depths (0/4) D:15          Sewer (visited)          Bailey (visited)
  IceCv (visited)         Gauntlet (visited)

Altars:
Fedhas
Hepliaklqana
Nemelex Xobeh
Qazlal
Wu Jian
Xom
Zin
Beogh

Shops:
D:4 [   D:6 *   D:9 !   D:11 [   D:14 *   Orc:1 ?   Orc:2 *:[

Annotations:
Lair:5 exclusion: ice statue


Innate Abilities, Weirdness & Mutations

You have a pair of horns on your head.
You reflexively headbutt those who attack you in melee.


Message History

A swamp dragon is nearby!
You are too injured to fight recklessly!
You are too injured to fight recklessly!
You feel sick.
The swamp dragon breathes poison at you.
The blast of poison engulfs you but does no damage.
You are more poisoned.
You open the swamp dragon like a pillowcase!!!
You burn the swamp dragon.
The swamp dragon is heavily wounded.
You are engulfed in poison gas.
You are more poisoned.
You feel very sick. You block the swamp dragon's attack.
The swamp dragon completely misses you.
The swamp dragon tramples you but does no damage.
You slash the swamp dragon! You burn the swamp dragon.
Your headbutt misses the swamp dragon.
The swamp dragon is severely wounded.
You are engulfed in poison gas.
You are more poisoned.
* * * LOW HITPOINT WARNING * * *
You feel extremely sick. The swamp dragon bites you!
* * * LOW HITPOINT WARNING * * *
The swamp dragon barely misses you. x2
You closely miss the swamp dragon. You headbutt the swamp dragon!
The swamp dragon is almost dead.
You are engulfed in poison gas.
You are lethally poisoned!
* * * LOW HITPOINT WARNING * * *
x2 You feel extremely sick.
You block the swamp dragon's attack. x2; The swamp dragon tramples you!
* * * LOW HITPOINT WARNING * * *
You stumble backwards!
You slice the swamp dragon!! You burn the swamp dragon.
You kill the swamp dragon!
Trog accepts your kill.
You are engulfed in poison gas.
You are more poisoned.
* * * LOW HITPOINT WARNING * * *
You die...

♣≈≈♣♣.≈≈♣♣♣♣≈§≈≈≈.♣♣♣
♣♣♣♣♣♣≈≈.♣.§≈.♣♣≈..≈≈≈≈♣♣
♣≈♣♣..≈≈≈≈♣♣♣.≈.....≈≈≈.♣
#♣≈≈≈.≈≈≈.♣≈♣♣≈≈≈[).≈♣♣♣♣
♣.≈.≈.≈≈≈≈♣♣♣.≈≈<...♣
♣♣♣♣♣♣♣♣≈≈.≈≈♣♣♣.≈≈.♣
♣.≈..≈♣......≈≈≈≈.♣
♣♣..≈≈.♣♣♣♣.≈..≈≈≈^♣
♣♣.≈♣≈≈.♣○@≈≈≈≈≈≈≈♣♣♣
#♣..♣♣...♣○°☼≈≈≈≈.≈♣
##.÷≈♣♣≈.°○♣°.§≈≈≈.♣♣
###≈≈≈≈≈≈≈.○°≈°≈≈≈≈≈.≈♣♣
##≈≈≈≈[≈≈≈≈≈≈≈≈≈≈≈≈≈≈...♣
##≈≈≈≈≈≈≈≈≈≈.≈≈≈≈≈≈≈≈≈...♣
.≈≈≈≈≈≈..≈≈≈..≈§≈≈....§♣♣♣
..≈≈≈<....≈≈≈≈§≈≈≈.≈.≈♣♣
.....♣≈≈≈≈≈≈≈≈≈≈≈≈.♣..♣


There were no monsters in sight!

Vanquished Creatures
  Saint Roka (Orc:2)
  Rupert (D:13)
  Mlioglotl (Spider:2)
  Gastronok (Orc:1)
  Donald (Orc:2)
  A tengu reaver (D:14)
  A fenstrider witch (Swamp:1)
  2 emperor scorpions (Spider:3)
  An orc warlord (Orc:2)
  2 ghost moths
  2 broodmothers (Spider:3)
  A juggernaut skeleton (Abyss:2)
  Nessos (Lair:6)
  4 bunyips
  4 eleionomae
  An entropy weaver (Spider:3)
  A minotaur (Gauntlet)
  A spark wasp (Spider:1)
  Snorg (D:11)
  2 shambling mangroves
  Josephine (Orc:2)
  A great orb of eyes (D:15)
  Erolcha (Orc:1)
  3 boulder beetles
  A catoblepas (D:15)
  4 ghost crabs
  26 hydras
  11 alligators
  8 centaur warriors
  A jorogumo (Spider:3)
  A tengu warrior (D:13)
  A radroach (Spider:2)
  A two-headed ogre (D:11)
  8 death yaks
  4 thrashing horrors (Abyss:2)
  2 orc high priests
  12 spriggans
  A sixfirhy (Abyss:2)
  5 pharaoh ants
  3 orb spiders
  5 goliath frogs
  2 steelbarb worms
  5 bog bodies
  5 swamp dragons
  4 spriggan druids
  Pikel (D:8)
  9 starcursed masses (Abyss:2)
  A wizard (D:14)
  8 orc knights
  An oklob plant (Lair:3)
  A wolf spider (shapeshifter) (D:15)
  A cyclops (D:14)
  11 wolf spiders
  16 ugly things (D:15)
  3 orc sorcerers
  2 will-o-the-wisps
  3 manticores
  9 elephants
  17 slime creatures
  2 guardian serpents
  An ice statue (IceCv)
  2 moths of wrath
  13 black mambas
  Maggie (D:6)
  A gargoyle (D:13)
  An eye of devastation (Gauntlet)
  2 smoke demons (Abyss:2)
  8 torpor snails
  2 efreet
  14 cane toads
  8 rime drakes
  An unseen horror (D:11)
  2 tengu conjurers (D:15)
  6 demonic crawlers
  2 ice devils (IceCv)
  2 kobold demonologists
  6 komodo dragons
  An ancient zyme (Abyss:2)
  An entropy weaver simulacrum (IceCv)
  2 anaconda simulacra (IceCv)
  3 meliai (Spider:3)
  A queen bee (D:9)
  14 polar bears
  4 freezing wraiths
  A death drake zombie (Swamp:4)
  4 trolls
  2 large abominations (Abyss:2)
  2 trolls (shapeshifter)
  12 tarantellas
  6 tyrant leeches
  15 blink frogs
  Prince Ribbit (D:6)
  10 dream sheep
  15 hornets
  Grinder (D:6)
  3 raiju (Lair:6)
  18 jumping spiders
  A centaur simulacrum (D:15)
  11 culicivoras
  2 vampires
  A shadow (D:12)
  46 yaks
  19 wyverns
  15 humans (D:13)
  6 wraiths
  3 death yak simulacra (IceCv)
  36 redbacks
  11 basilisks
  A golden eye (Gauntlet)
  The ghost of firemarshallily the Slasher, an amateur DsGl of Lugonu (D:4)
  A fire elemental (Gauntlet)
  A steam dragon (D:7)
  19 vampire mosquitoes
  6 wargs
  30 water moccasins
  11 swamp worms
  Duvessa (D:7)
  18 hell hounds
  A swamp drake (Swamp:3)
  42 orc warriors
  6 ice beasts (Lair:5)
  18 black bears
  5 necrophages (Lair:4)
  15 ogres
  A black bear (shapeshifter) (D:14)
  13 centaurs
  A swamp dragon zombie (Swamp:4)
  26 wolves
  A lemure (D:8)
  5 kobold brigands
  9 bullfrogs
  A two-headed ogre simulacrum (IceCv)
  4 gnoll sergeants
  6 scorpions
  2 small abominations (Abyss:2)
  3 cane toad simulacra (IceCv)
  2 wyvern skeletons (D:7)
  A water moccasin skeleton (D:4)
  Dowan (D:7)
  An elephant simulacrum (IceCv)
  16 killer bees (D:9)
  15 wights
  7 electric eels
  3 howler monkeys
  5 centaur zombies
  15 orc priests
  A centaur skeleton (D:7)
  2 hounds
  4 jellies
  A bullfrog skeleton (D:6)
  An iguana (D:4)
  Terence (D:2)
  Natasha (thrice) (D:2)
  21 orc wizards
  7 hell rats (Lair:4)
  5 spriggan simulacra (IceCv)
  A killer bee zombie (D:8)
  A polar bear simulacrum (IceCv)
  8 troll simulacra (IceCv)
  A wolf simulacrum (IceCv)
  A howler monkey zombie (D:7)
  8 gnolls
  6 river rats (Sewer)
  12 adders
  5 naga simulacra (IceCv)
  11 white imps
  8 ufetubi (IceCv)
  An adder skeleton (D:4)
  9 worms
  5 dart slugs
  66 orcs
  11 bats
  4 endoplasms
  8 giant cockroaches
  12 goblins
  10 hobgoblins
  8 jackals
  4 quokkas
  8 ball pythons
  2 frilled lizards (Sewer)
  38 kobolds
  31 rats
1209 creatures vanquished.

Vanquished Creatures (collateral kills)
  A two-headed ogre (D:9)
  A basilisk (D:9)
  A wyvern (D:9)
  A water moccasin (D:9)
  A gnoll sergeant (D:9)
  A gnoll (D:9)
6 creatures vanquished.

Vanquished Creatures (others)
  2 bloated husks
  An orc priest (Orc:2)
  An orc wizard (Orc:2)
  An orc (Orc:2)
  3 demonic plants (Gauntlet)
  18 foxfires
  44 fungi
  126 plants
196 creatures vanquished.

Grand Total: 1411 creatures vanquished

Notes
Turn   | Place    | Note
-------+----------+-------------------------------------------
     0 | D:1      | cbfl8 the Minotaur Berserker began the quest for the Orb.
     0 | D:1      | Reached XP level 1. HP: 19/19 MP: 0/0
   136 | D:1      | Reached XP level 2. HP: 27/27 MP: 1/1
   170 | D:1      | Reached skill level 4 in Axes
   659 | D:1      | Reached XP level 3. HP: 33/33 MP: 2/2
   787 | D:1      | Reached ** piety under Trog
  1471 | D:2      | Reached XP level 4. HP: 39/41 MP: 3/3
  1666 | D:2      | Noticed Terence
  1673 | D:2      | Killed Terence
  1674 | D:2      | Reached skill level 5 in Axes
  1849 | D:2      | Found a faded altar of an unknown god.
  2225 | D:2      | Noticed Natasha
  2233 | D:2      | Killed Natasha
  2234 | D:2      | Reached XP level 5. HP: 35/47 MP: 4/4
  2451 | D:2      | Noticed Natasha
  2473 | D:2      | Killed Natasha
  2702 | D:2      | Noticed Natasha
  2714 | D:2      | Killed Natasha
  2715 | D:2      | Reached skill level 1 in Evocations
  3127 | D:3      | Reached skill level 5 in Fighting
  3127 | D:3      | Reached skill level 6 in Axes
  3127 | D:3      | Reached XP level 6. HP: 18/56 MP: 5/5
  3673 | D:3      | Found a stormy altar of Qazlal.
  4078 | D:4      | Found a staircase to the Ecumenical Temple.
  4247 | D:4      | Reached *** piety under Trog
  4276 | D:4      | Found Daniel's Dragon-Slaying Spoils.
  4379 | D:4      | Found a large runed translucent door.
  4379 | D:4      | Found a large runed translucent door.
  4381 | D:4      | Noticed firemarshallily's ghost (amateur DsGl)
  4455 | D:4      | Found a shimmering altar of Xom.
  4489 | D:4      | Reached skill level 7 in Axes
  4489 | D:4      | Reached XP level 7. HP: 60/61 MP: 6/6
  4642 | D:4      | Found Reunad's Antique Armour Shoppe.
  4891 | D:4      | Killed firemarshallily's ghost
  5024 | D:5      | Entered Level 5 of the Dungeon
  5045 | D:4      | Reached skill level 8 in Axes
  5045 | D:4      | Reached XP level 8. HP: 34/70 MP: 7/7
  5287 | D:5      | Reached skill level 5 in Armour
  5311 | D:5      | Found a glowing drain.
  5320 | Sewer    | Entered a sewer
  5646 | Sewer    | Reached **** piety under Trog
  6228 | D:5      | Found a hazy altar of Hepliaklqana.
  6425 | D:6      | Reached skill level 9 in Axes
  6784 | D:6      | Noticed Maggie
  6795 | D:6      | Killed Maggie
  6799 | D:6      | Reached XP level 9. HP: 79/79 MP: 8/8
  6885 | D:6      | Reached skill level 10 in Axes
  7043 | D:6      | Noticed Grinder
  7060 | D:6      | Killed Grinder
  7061 | D:6      | Reached skill level 5 in Dodging
  7129 | D:6      | Found Jouwaoth's General Store.
  7219 | D:6      | Noticed Prince Ribbit
  7233 | D:6      | Killed Prince Ribbit
  7807 | D:7      | Noticed Dowan
  7807 | D:7      | Noticed Duvessa
  7812 | D:7      | Killed Dowan
  7813 | D:7      | Reached skill level 11 in Axes
  7815 | D:7      | Killed Duvessa
  7866 | D:7      | Found a flagged portal.
  7943 | D:7      | Found a blossoming altar of Fedhas.
  7974 | D:7      | Identified the +2 dagger of Brutal Revenge {holy, Str+4}
  7980 | Bailey   | Entered a bailey
  8218 | Bailey   | Noticed an orc knight
  8226 | Bailey   | Killed an orc knight
  8514 | Bailey   | Reached ***** piety under Trog
  8536 | Bailey   | Reached XP level 10. HP: 73/90 MP: 9/9
  8731 | Bailey   | Noticed an orc sorcerer
  8735 | Bailey   | Killed an orc sorcerer
  8736 | Bailey   | Reached skill level 12 in Axes
  9369 | Bailey   | Noticed an orc knight
  9386 | Bailey   | Killed an orc knight
  9609 | Bailey   | Acquired the +2 kite shield of Ovysm {+Blink rF+ Dex+4}
  9656 | Bailey   | Found an iron altar of Okawaru.
  9656 | Bailey   | Noticed an orc high priest
  9656 | Bailey   | Noticed an orc knight
  9671 | Bailey   | Killed an orc knight
  9675 | Bailey   | Killed an orc high priest
  9676 | Bailey   | Reached skill level 13 in Axes
  9970 | Bailey   | Identified the +7 hand crossbow "Toemiteg" {penet, rC+
                  | Will+ SInv}
 10071 | Bailey   | Noticed an orc knight
 10084 | Bailey   | Killed an orc knight
 10085 | Bailey   | Reached skill level 5 in Evocations
 11107 | D:8      | Noticed Pikel
 11114 | D:8      | Killed Pikel
 11242 | D:8      | Reached XP level 11. HP: 99/99 MP: 10/10
 11308 | D:8      | Found a glowing silver altar of Zin.
 11902 | D:9      | Paralysed by a hornet for 1 turns
 12101 | D:9      | Reached skill level 10 in Fighting
 12101 | D:9      | Reached skill level 14 in Axes
 12106 | D:9      | Reached skill level 1 in Shields
 12130 | D:9      | Noticed a two-headed ogre
 12169 | D:9      | Killed a two-headed ogre
 12461 | D:9      | Found Keghytig's Distillery.
 12505 | D:9      | Found a staircase to the Lair.
 12973 | D:10     | Entered Level 10 of the Dungeon
 13365 | D:10     | Found an ornate altar of the Wu Jian Council.
 13413 | D:10     | Found a sparkling altar of Nemelex Xobeh.
 13584 | D:10     | Found a staircase to the Orcish Mines.
 13956 | D:9      | Received a gift from Trog
 14274 | D:10     | Reached skill level 15 in Axes
 15058 | D:11     | Found Xytiseme's Antique Armour Shop.
 15091 | D:11     | Noticed a two-headed ogre
 15097 | D:11     | Reached XP level 12. HP: 67/110 MP: 3/11
 15100 | D:11     | Killed a two-headed ogre
 15144 | D:11     | Found a gate leading to a gauntlet.
 15155 | Gauntlet | Entered a Gauntlet
 15155 | Gauntlet | Found a transporter.
 15305 | Gauntlet | Found a transporter.
 15320 | Gauntlet | Found a transporter.
 15325 | Gauntlet | Found a transporter.
 15340 | Gauntlet | Found a transporter.
 15356 | Gauntlet | Noticed a green death
 15359 | Gauntlet | Found a transporter.
 15367 | Gauntlet | Noticed a hell beast
 15371 | Gauntlet | Found a transporter.
 15379 | Gauntlet | Found a large runed translucent door.
 15380 | Gauntlet | Found a large runed translucent door.
 15381 | Gauntlet | Found a large runed translucent door.
 15381 | Gauntlet | Found a large runed translucent door.
 15382 | Gauntlet | Found a runed translucent gate.
 15382 | Gauntlet | Noticed an eight-headed hydra
 15383 | Gauntlet | Found a transporter.
 15383 | Gauntlet | Found a runed translucent gate.
 15384 | Gauntlet | Found a runed translucent gate.
 15385 | Gauntlet | Found a large runed translucent door.
 15385 | Gauntlet | Found a large runed translucent door.
 15386 | Gauntlet | Found a large runed translucent door.
 15387 | Gauntlet | Found a large runed translucent door.
 15423 | Gauntlet | Found a transporter.
 15439 | Gauntlet | Found a large runed translucent door.
 15439 | Gauntlet | Found a large runed translucent door.
 15439 | Gauntlet | Found a runed translucent door.
 15439 | Gauntlet | Found a runed translucent door.
 15440 | Gauntlet | Found a large runed translucent door.
 15441 | Gauntlet | Found a large runed translucent door.
 15443 | Gauntlet | Found a transporter.
 15458 | Gauntlet | Found a transporter.
 15470 | Gauntlet | Found a transporter.
 15471 | Gauntlet | Noticed a hell hog
 15487 | Gauntlet | Found a transporter.
 15487 | Gauntlet | Found a transporter.
 15503 | Gauntlet | Found a large runed translucent door.
 15503 | Gauntlet | Found a large runed translucent door.
 15504 | Gauntlet | Found a large runed translucent door.
 15505 | Gauntlet | Found a large runed translucent door.
 15509 | Gauntlet | Found a transporter.
 15562 | Gauntlet | Found a transporter.
 15590 | Gauntlet | Found a transporter.
 15610 | Gauntlet | Found a transporter.
 16324 | Gauntlet | Identified the +0 chain mail "Uqihea" {rElec Regen+ rCorr
                  | Str+2}
 16326 | Gauntlet | Identified the ring "Teqiemm" {Ice *Slow Str+2 Slay+3}
 16402 | Gauntlet | Identified the ring of the Unkillable {rN+ Str+8}
 16402 | Gauntlet | Noticed a minotaur
 16410 | Gauntlet | Killed a minotaur
 16511 | D:11     | Reached skill level 16 in Axes
 16525 | D:11     | Noticed Snorg
 16535 | D:11     | Killed Snorg
 18186 | D:13     | Noticed a centaur warrior
 18186 | D:13     | Noticed Rupert
 18186 | D:13     | Found a gate to the Vaults.
 18417 | D:13     | Noticed a boulder beetle
 18423 | D:13     | Killed a boulder beetle
 18459 | D:13     | Noticed a centaur warrior
 18477 | D:13     | Killed a centaur warrior
 18478 | D:13     | Reached skill level 17 in Axes
 18577 | D:13     | Killed a centaur warrior
 18865 | D:13     | Reached XP level 13. HP: 119/119 MP: 12/12
 19044 | D:13     | Received a gift from Trog
 19642 | D:13     | Reached skill level 1 in Stealth
 19690 | D:13     | Killed Rupert
 19691 | D:13     | Reached skill level 18 in Axes
 19819 | D:14     | Cast into level 2 of the Abyss (a wizard)
 19830 | Abyss:2  | Found a stormy altar of Qazlal.
 20005 | Abyss:2  | Noticed a starcursed mass
 20063 | Abyss:2  | Noticed a tentacled starspawn
 20120 | Abyss:2  | Noticed a starcursed mass
 20128 | Abyss:2  | Paralysed by accursed screaming for 1 turns
 20165 | D:14     | Escaped the Abyss
 20264 | D:14     | Found Kixkusau's General Store.
 20273 | D:14     | Bought 2 potions of curing for 72 gold pieces
 20273 | D:14     | Bought a scroll of teleportation for 36 gold pieces
 20457 | D:14     | Identified the +9 great mace of Eternal Vigilance {flame,
                  | Fragile rF+ Str+4}
 20599 | D:14     | Identified the +4 chain mail "Muymis" {-Cast rPois SInv
                  | Stlth-}
 20695 | D:14     | Noticed a tengu reaver
 20701 | D:14     | Killed a tengu reaver
 20739 | D:14     | Identified the +10 demon blade "Puonampa" {pain, Str+2
                  | Int+3}
 21062 | D:15     | Entered Level 15 of the Dungeon
 21523 | D:15     | Reached skill level 19 in Axes
 21523 | D:15     | Reached skill level 10 in Armour
 21674 | D:15     | Reached XP level 14. HP: 129/129 MP: 13/13
 22379 | D:15     | Reached skill level 10 in Dodging
 22416 | D:15     | Found a staircase to the Depths.
 22580 | Lair:1   | Entered Level 1 of the Lair of Beasts
 23277 | Lair:2   | Found the +7 Kryia's mail coat {PotionHeal*2 rC+}
 23466 | Lair:2   | Found a staircase to the Swamp.
 23543 | Lair:2   | Reached skill level 20 in Axes
 24185 | Lair:3   | Received a gift from Trog
 25688 | Lair:4   | Found a frozen archway.
 25706 | IceCv    | Entered an ice cave
 26025 | IceCv    | Identified the +8 war axe "Masitaj" {antimagic, rF+ Str+5}
                  | (Trog gifted it to you in an ice cave)
 26025 | IceCv    | Received a gift from Trog
 26536 | IceCv    | Identified the +1 scale mail of Hysteria {Will+ Dex+3}
 26773 | Lair:4   | Reached skill level 21 in Axes
 26800 | Lair:4   | Reached XP level 15. HP: 138/139 MP: 14/14
 26853 | Lair:4   | Reached skill level 15 in Fighting
 27288 | Lair:4   | Found a hole to the Spider Nest.
 27685 | Lair:5   | Received a gift from Trog
 28684 | Lair:6   | Entered Level 6 of the Lair of Beasts
 28684 | Lair:6   | Noticed Nessos
 28863 | Lair:6   | Reached skill level 22 in Axes
 29278 | Lair:6   | Identified the +10 quarterstaff "Beqa" {freeze, MP+9 Str+4
                  | Dex+4 SInv}
 29284 | Lair:6   | Identified the +1 ring mail of the Maze {Int+6 SInv}
 29625 | Lair:6   | Reached ****** piety under Trog
 29685 | Lair:6   | Found a staircase to the Slime Pits.
 29830 | Lair:6   | Killed Nessos
 30166 | Lair:6   | Reached XP level 16. HP: 135/151 MP: 15/15
 30347 | Lair:6   | Received a gift from Trog
 30440 | Lair:6   | Identified the +0 hat of the Spheres {Dex+3}
 31083 | Orc:1    | Entered Level 1 of the Orcish Mines
 31085 | Orc:1    | Noticed Gastronok
 31095 | Orc:1    | Killed Gastronok
 31356 | Orc:1    | Found Gargh's Magic Scroll Emporium.
 31380 | Orc:1    | Bought a scroll of identify for 22 gold pieces
 31380 | Orc:1    | Bought a scroll of identify for 22 gold pieces
 31380 | Orc:1    | Bought a scroll of identify for 22 gold pieces
 31421 | Orc:1    | Noticed Erolcha
 31425 | Orc:1    | Killed Erolcha
 31426 | Orc:1    | Reached skill level 23 in Axes
 31615 | Orc:2    | Entered Level 2 of the Orcish Mines
 31623 | Orc:2    | Found a staircase to the Elven Halls.
 31646 | Orc:2    | Noticed Donald
 31661 | Orc:2    | Killed Donald
 31877 | Orc:2    | Noticed Saint Roka
 31877 | Orc:2    | Received a gift from Trog
 31885 | Orc:2    | Noticed Josephine
 31892 | Orc:2    | Killed Josephine
 32448 | Orc:2    | Killed Saint Roka
 32607 | Orc:2    | Reached skill level 5 in Shields
 32642 | Orc:2    | Found Otucseyth's General Store.
 32646 | Orc:2    | Found Cumej's Book Boutique.
 32864 | Orc:2    | Found Uqo Gowk's Antique Weapon Boutique.
 32976 | Orc:2    | Found Abuaresh's Antique Armour Boutique.
 33687 | Spider:1 | Entered Level 1 of the Spider Nest
 33748 | Spider:1 | Received a gift from Trog
 34442 | Spider:1 | Reached skill level 10 in Evocations
 35443 | Spider:2 | Reached skill level 24 in Axes
 35724 | Spider:2 | Noticed Mlioglotl
 35768 | Spider:2 | Received a gift from Trog
 36186 | Spider:2 | Noticed a bone dragon
 36300 | Spider:2 | Killed Mlioglotl
 36726 | Spider:3 | Reached XP level 17. HP: 150/162 MP: 9/16
 37656 | Swamp:1  | Entered Level 1 of the Swamp
 38155 | Swamp:1  | Received a gift from Trog
 38361 | Swamp:1  | Identified the +2 long sword of Mayhem {vorpal, Dex+3
                  | Stlth+}
 40225 | Swamp:3  | Identified the ring of Equilibrium {+Blink rN+ Will+ Int+8
                  | Dex-4}
 40317 | Swamp:4  | Entered Level 4 of the Swamp
 40861 | Swamp:4  | Received a gift from Trog
 41510 | Swamp:4  | Succumbed to poison (poison gas)

Illustrated notes

Levels and vault maps discovered:
D:1:      dpeg_arrival_rooms_a, layout_loops_ring, supply_closet_lemuel,
          chequers_serial_rivers_micro_d, hangedman_abyss_or_decor_stabs,
          minmay_octomino_c4
D:2:      layout_basic, chequers_ecumenical_altar_simple, minmay_statues_item,
          eino_tiny_chamber, guppyfry_early_lair_pool, uniq_terence,
          uniq_natasha
D:3:      layout_loops_ring, mainiacjoe_overflow_six_doors_small, nrook_campfire
D:4:      layout_basic, mainiacjoe_overflow_24_doors, minmay_temple_entry_wispy,
          serial_shops, kennysheep_mini, ebering_ghost_disaster_area,
          nicolae_shop_dragon_depot, minmay_misc_feat_alley
D:5:      layout_rooms, mainiacjoe_overflow_tiny_flanked, portal_sewer_entry_d
D:6:      layout_loops_ring, serial_shops, nicolae_shop_behind_doors,
          uniq_grinder, uniq_maggie, uniq_prince_ribbit1
D:7:      layout_loops_ring, overflow_temple_1_default, enter_bailey_8,
          uniq_duvessa
D:8:      layout_loops_ring, mainiacjoe_overflow_chevrons, uniq_pikel
D:9:      layout_rooms, minmay_lair_entry_grove, serial_shops, shop,
          minivault_16, nicolae_looking_at_the_future
D:10:     layout_big_octagon, pdpol_wu_jian_five_deadly_venoms,
          mainiacjoe_overflow_alcove_1, kennysheep_orc_monster_closet_entryway
D:11:     layout_roguey, serial_shops, kennysheep_little_box,
          gauntlet_entry_generic, uniq_snorg
D:12:     layout_basic
D:13:     layout_irregular_city, david_vaults_3, serial_bayou,
          serial_bayou_pond_a, serial_bayou_ford_a, serial_bayou_shore_b,
          serial_bayou_pond_d
D:14:     layout_loops_ring, minmay_misc_feat_doors, serial_shops, shop,
          st_stairs_1, kennysheep_just_a_vault
D:15:     gammafunk_enter_depths_forms, layout_gridville,
          hangedman_decor_clover_reticule
Lair:1:   layout_regular_city, grunt_forest_stairs_basic
Lair:2:   layout_cave_pods, swamp_mist, special_room, patterned_corridor
Lair:3:   layout_roguey, beast_lair_carwin_5, lemuel_fruit_tree
Lair:4:   layout_gridlike, nicolae_spider_entry_non_spiders, special_room
          [special_room_mythical_zoo], portal_ice_cave_rime,
          roderic_carrion_pond, grunt_megastairs_5
Lair:5:   layout_long_grid, ice2_lemuel, uniq_rupert
Lair:6:   hangedman_lair_caniforms_friends, layout_long_grid,
          hangedman_lair_tendril_chambers, minmay_slime_entry_pillars,
          lemuel_old_faithful, infiniplex_staircase_pool_2,
          serial_bayou_shore_a, uniq_nessos
Swamp:1:  layout_basic_swamp, nicolae_swamp_some_circles
Swamp:2:  layout_basic_swamp, nicolae_swamp_tree_isthmus,
          infiniplex_staircase_pool
Swamp:3:  layout_basic_swamp, nicolae_swamp_treefoil
Swamp:4:  byrel_swamp_growth_death_and_undeath, layout_basic_swamp, swamp_pool3
Spider:1: layout_spider_delve
Spider:2: layout_spider_delve, drop_trap, uniq_mlioglotl
Spider:3: layout_spider_delve
Orc:1:    nicolae_orc_accident_2, layout_diamond_mine, serial_shops,
          nicolae_shop_trees, nicolae_orc_flooded_monolith, mines1_david,
          uniq_gastronok, uniq_erolcha
Orc:2:    grunt_orc_cross, layout_caves, mines_bat_river, uniq_josephine,
          uniq_saint_roka, uniq_donald

Skill      XL: |  1  2  3  4  5  6  7  8  9 10 11 12 13 14 15 16 17 |
---------------+----------------------------------------------------+-----
Fighting       | 4 5 6 7 8 9 11 12 13 14 16 17 19 | 19.2
Axes           | 4 5 6 7 8 9 11 13 15 17 19 21 22 24 | 24.0
Armour         | 3 4 5 7 8 9 10 11 12 | 12.5
Evocations     | 1 2 3 4 5 6 8 9 10 11 | 11.0
Dodging        | 3 4 5 6 7 8 9 10 11 12 13 | 13.3
Shields        | 3 4 5 7 |  7.3
Stealth        | 1 2 4 |  4.4

Action                   |  1- 3 |  4- 6 |  7- 9 | 10-12 | 13-15 | 16-18 || total
-------------------------+-------+-------+-------+-------+-------+-------++-------
Melee: Hand axe          |    86 |   151 |   206 |       |       |       ||   443
       Headbutt          |    12 |    31 |    47 |   112 |   223 |   222 ||   647
       Punch             |       |     2 |     4 |       |       |       ||     6
       Battleaxe         |       |       |    88 |    35 |       |       ||   123
       Broad axe         |       |       |       |   253 |       |   278 ||   531
       War axe           |       |       |       |    30 |       |       ||    30
       Executioner's axe |       |       |       |   207 |   922 |   659 ||  1788
Invok: Berserk           |     1 |     2 |     6 |    14 |    16 |    13 ||    52
       Trog's Hand       |       |       |       |       |     3 |       ||     3
 Abil: Evoke Blink       |       |       |       |     3 |       |       ||     3
Evoke: Wand              |       |       |       |       |     5 |    24 ||    29
  Use: Scroll            |       |     1 |     5 |     9 |     9 |    13 ||    37
       Potion            |       |       |       |     8 |     3 |     6 ||    17
 Stab: Paralysed         |       |       |       |       |     3 |       ||     3
       Distracted        |       |       |       |       |     1 |       ||     1
Armor: Animal skin       |    10 |       |       |       |       |       ||    10
       Plate armour      |    28 |    81 |   131 |   235 |       |       ||   475
       Chain mail        |       |       |       |    48 |   395 |   302 ||   745
Dodge: Dodged            |    41 |    55 |   146 |   291 |   643 |   580 ||  1756
       Repelled          |       |       |       |       |     8 |    10 ||    18
Block: Kite shield       |       |       |       |   207 |       |   228 ||   435
       Other             |       |       |       |    39 |   221 |   123 ||   383
       Reflection        |       |       |       |     2 |    11 |     7 ||    20
